HSSL
TEMISKAMING DISTRICT SECONDARY SCHOOL SAINTS @ JEFFERSONVILLE-YOUNGSVILLE CENTRAL HS TROJANS
04/02/2030
 
TOP OF THE 1ST
Temiskaming District Secondary School Saints batting - Pitching for Jeffersonville-Youngsville Central HS Trojans : LHP Ray Anderson
Pitching: LHP Ray Anderson
Batting: RHB Dave Jones 0-0: Ball
1-0: Called Strike
1-1: Ball
2-1: Foul Ball, location: 2F
2-2: Ball
3-2: Foul Ball, location: 2F
3-2: Foul Ball, location: 2F
3-2: Foul Ball, location: 2F
3-2: Foul Ball, location: 2F
3-2: Base on Balls
Batting: LHB Tony Proctor 0-0: Ball
1-0: Ball
Wild Pitch!
Dave Jones to second
2-0: Foul Ball, location: 2F
2-1: Ball
3-1: Called Strike
3-2: SINGLE (Groundball, 34D)
Dave Jones to third
Runner from 3rd tries for Home, SAFE, no throw
Batting: RHB Hilton Knowles 0-0: Called Strike
0-1: Foul Ball, location: 2F
0-2: SINGLE (Groundball, 4D)
Tony Proctor to second
Runner from 2nd tries for 3rd, SAFE, no throw
Batting: RHB Ramón Cabrera 0-0: Ball
Hilton Knowles is caught stealing 2nd base
Balk!
Tony Proctor scores
1-0: Swinging Strike
1-1: Ball
2-1: Ball
3-1: Ground out 4-3 (Groundball, 4S)
Batting: LHB Juan Esparza 0-0: Ball
1-0: Called Strike
1-1: Ball
2-1: Fly out, F5 (Popup, 56S)
Top of the 1st over - 2 runs, 2 hits, 0 errors, 0 left on base; Temiskaming District Secondary School 2 - Jeffersonville-Youngsville Central HS 0
BOTTOM OF THE 1ST
Jeffersonville-Youngsville Central HS Trojans batting - Pitching for Temiskaming District Secondary School Saints : RHP Porter Fleming
Pitching: RHP Porter Fleming
Batting: LHB Tony Chávez 0-0: Ball
1-0: Called Strike
1-1: Foul Ball, location: 2F
1-2: DOUBLE (Line Drive, 7LS)
Batting: RHB Murray Jackson 0-0: Ball
1-0: Foul Ball, location: 2F
1-1: SINGLE (Flyball, 89M)
Tony Chávez to third
Runner from 3rd tries for Home, throw and OUT!
Murray Jackson to second
Batting: LHB Steve Parker 0-0: Ball
1-0: Ball
2-0: Ball
3-0: Base on Balls
Batting: RHB Glenn Brooks 0-0: Ball
1-0: Foul Ball, location: 2F
1-1: Ball
2-1: SINGLE (Groundball, 5S) (infield hit)
Murray Jackson to third
Steve Parker to second
Batting: LHB Ed Williams 0-0: SINGLE (Line Drive, 4M)
Murray Jackson scores
Steve Parker to third
Glenn Brooks to second
Batting: RHB Bob Perkins 0-0: Swinging Strike
0-1: Fly out, F9 (Flyball, 9S)
Batting: RHB Myron Preston 0-0: Ball
1-0: SINGLE (Line Drive, 6MD)
Steve Parker scores
Glenn Brooks to third
Ed Williams to second
Runner from 3rd tries for Home, SAFE, no throw
Batting: RHB Jeff Valentine 0-0: Swinging Strike
0-1: Ball
1-1: Called Strike
1-2: Strikes out swinging
Bottom of the 1st over - 3 runs, 5 hits, 0 errors, 2 left on base; Temiskaming District Secondary School 2 - Jeffersonville-Youngsville Central HS 3
TOP OF THE 2ND
Temiskaming District Secondary School Saints batting - Pitching for Jeffersonville-Youngsville Central HS Trojans : LHP Ray Anderson
Batting: RHB Jim Prince 0-0: Ball
1-0: Ball
2-0: Called Strike
2-1: Ball
3-1: Base on Balls
Batting: RHB Scott Roberts 0-0: Fly out, F6 (Popup, P)
Batting: RHB Emílio Gómez 0-0: Ball
1-0: Ball
2-0: Ball
3-0: Base on Balls
Jim Prince to second
Batting: RHB Glenn Hansen 0-0: Fly out, F9 (Flyball, 9)
Batting: RHB Dave Jones 0-0: Fly out, F7 (Flyball, 7)
Top of the 2nd over - 0 runs, 0 hits, 0 errors, 2 left on base; Temiskaming District Secondary School 2 - Jeffersonville-Youngsville Central HS 3
BOTTOM OF THE 2ND
Jeffersonville-Youngsville Central HS Trojans batting - Pitching for Temiskaming District Secondary School Saints : RHP Porter Fleming
Batting: RHB John Goudie 0-0: Foul Ball, location: 2F
0-1: Fly out, F7 (Flyball, 7LM)
Batting: LHB Tony Chávez 0-0: Ball
1-0: Ball
2-0: Called Strike
2-1: Called Strike
2-2: Ball
3-2: Ground out U3 (Groundball, 3)
Batting: RHB Murray Jackson 0-0: Ball
1-0: Called Strike
1-1: Foul Ball, location: 2F
1-2: Ball
2-2: Strikes out looking
Bottom of the 2nd over - 0 runs, 0 hits, 0 errors, 0 left on base; Temiskaming District Secondary School 2 - Jeffersonville-Youngsville Central HS 3
TOP OF THE 3RD
Temiskaming District Secondary School Saints batting - Pitching for Jeffersonville-Youngsville Central HS Trojans : LHP Ray Anderson
Batting: LHB Tony Proctor 0-0: Foul Ball, location: 2F
0-1: Called Strike
0-2: Strikes out swinging
Batting: RHB Hilton Knowles 0-0: Ball
1-0: Called Strike
1-1: Fly out, F9 (Line Drive, 9)
Batting: RHB Ramón Cabrera 0-0: Ball
1-0: Foul Ball, location: 2F
1-1: Ball
2-1: Fly out, F7 (Flyball, 7D)
Top of the 3rd over - 0 runs, 0 hits, 0 errors, 0 left on base; Temiskaming District Secondary School 2 - Jeffersonville-Youngsville Central HS 3
BOTTOM OF THE 3RD
Jeffersonville-Youngsville Central HS Trojans batting - Pitching for Temiskaming District Secondary School Saints : RHP Porter Fleming
Batting: LHB Steve Parker 0-0: Ball
1-0: SINGLE (Flyball, 9S)
Batting: RHB Glenn Brooks 0-0: Called Strike
0-1: Ball
1-1: Fly out, F6 (Line Drive, 6M)
Batting: LHB Ed Williams 0-0: Foul Ball, location: 2F
0-1: Fielders Choice at 2nd, 4-6 (Groundball, 4D)
Batting: RHB Bob Perkins 0-0: Called Strike
0-1: Called Strike
0-2: Ball
1-2: Strikes out swinging
Bottom of the 3rd over - 0 runs, 1 hit, 0 errors, 1 left on base; Temiskaming District Secondary School 2 - Jeffersonville-Youngsville Central HS 3
TOP OF THE 4TH
Temiskaming District Secondary School Saints batting - Pitching for Jeffersonville-Youngsville Central HS Trojans : LHP Ray Anderson
Batting: LHB Juan Esparza 0-0: Called Strike
0-1: Ball
1-1: Foul Ball, location: 2F
1-2: Ball
2-2: Strikes out swinging
Batting: RHB Jim Prince 0-0: Called Strike
0-1: Ball
1-1: Swinging Strike
1-2: Ball
2-2: Foul Ball, location: 2F
2-2: Foul Ball, location: 2F
2-2: Ball
3-2: Strikes out swinging
Batting: RHB Scott Roberts 0-0: Foul Ball, location: 2F
0-1: Called Strike
0-2: Ball
1-2: Ball
2-2: Ball
3-2: Ground out 5-3 (Groundball, 5)
Top of the 4th over - 0 runs, 0 hits, 0 errors, 0 left on base; Temiskaming District Secondary School 2 - Jeffersonville-Youngsville Central HS 3
BOTTOM OF THE 4TH
Jeffersonville-Youngsville Central HS Trojans batting - Pitching for Temiskaming District Secondary School Saints : RHP Porter Fleming
Batting: RHB Myron Preston 0-0: Called Strike
0-1: Called Strike
0-2: Foul Ball, location: 2F
0-2: Strikes out swinging
Batting: RHB Jeff Valentine 0-0: Ball
1-0: Swinging Strike
1-1: Foul Ball, location: 2F
1-2: Strikes out swinging
Batting: RHB John Goudie 0-0: Ball
1-0: Foul Ball, location: 2F
1-1: Called Strike
1-2: Fly out, F8 (Flyball, 8LD)
Bottom of the 4th over - 0 runs, 0 hits, 0 errors, 0 left on base; Temiskaming District Secondary School 2 - Jeffersonville-Youngsville Central HS 3
TOP OF THE 5TH
Temiskaming District Secondary School Saints batting - Pitching for Jeffersonville-Youngsville Central HS Trojans : LHP Ray Anderson
Batting: RHB Emílio Gómez 0-0: Ball
1-0: Swinging Strike
1-1: Ball
2-1: Fly out, F8 (Flyball, 8RM)
Batting: RHB Glenn Hansen 0-0: Ball
1-0: Ball
2-0: Foul Ball, location: 2F
2-1: Ball
3-1: Base on Balls
Batting: RHB Dave Jones 0-0: Called Strike
0-1: Called Strike
0-2: Ball
1-2: Foul Ball, location: 2F
1-2: Foul Ball, location: 2F
1-2: SINGLE (Groundball, 5D)
Glenn Hansen to second
Pitching: RHP Héctor Hernández
Batting: LHB Tony Proctor 0-0: Called Strike
0-1: Ball
1-1: Foul Ball, location: 2F
1-2: Ball
2-2: Ball
3-2: Strikes out swinging
Batting: RHB Hilton Knowles 0-0: Ball
1-0: SINGLE (Flyball, 89M)
Glenn Hansen to third
Dave Jones to second
Runner from 3rd tries for Home, throw and OUT!
Top of the 5th over - 0 runs, 2 hits, 0 errors, 2 left on base; Temiskaming District Secondary School 2 - Jeffersonville-Youngsville Central HS 3
BOTTOM OF THE 5TH
Jeffersonville-Youngsville Central HS Trojans batting - Pitching for Temiskaming District Secondary School Saints : RHP Porter Fleming
Batting: LHB Tony Chávez 0-0: Ball
1-0: Swinging Strike
1-1: Called Strike
1-2: Foul Ball, location: 2F
1-2: Ball
2-2: Ball
3-2: Strikes out swinging
Batting: RHB Murray Jackson 0-0: Ground out 4-3 (Groundball, 4D)
Batting: LHB Steve Parker 0-0: Foul Ball, location: 2F
0-1: Called Strike
0-2: Ball
1-2: Foul Ball, location: 2F
1-2: Strikes out swinging
Bottom of the 5th over - 0 runs, 0 hits, 0 errors, 0 left on base; Temiskaming District Secondary School 2 - Jeffersonville-Youngsville Central HS 3
TOP OF THE 6TH
Temiskaming District Secondary School Saints batting - Pitching for Jeffersonville-Youngsville Central HS Trojans : RHP Héctor Hernández
Batting: RHB Ramón Cabrera 0-0: Ball
1-0: Foul Ball, location: 2F
1-1: Ground out 4-3 (Groundball, 34)
Batting: LHB Juan Esparza 0-0: SINGLE (Flyball, 7S)
Batting: RHB Jim Prince 0-0: Called Strike
0-1: Foul Ball, location: 2F
0-2: Ball
1-2: Ball
2-2: Reached on error, E3 (Groundball, 3)
Juan Esparza to second
Batting: RHB Scott Roberts 0-0: Ball
1-0: Ball
2-0: Ball
3-0: Called Strike
3-1: Called Strike
3-2: Strikes out swinging
Batting: RHB Emílio Gómez 0-0: Ball
1-0: Called Strike
1-1: Called Strike
1-2: Ball
2-2: Strikes out swinging
Top of the 6th over - 0 runs, 1 hit, 1 error, 2 left on base; Temiskaming District Secondary School 2 - Jeffersonville-Youngsville Central HS 3
BOTTOM OF THE 6TH
Jeffersonville-Youngsville Central HS Trojans batting - Pitching for Temiskaming District Secondary School Saints : RHP Porter Fleming
Batting: RHB Glenn Brooks 0-0: Ball
1-0: Ball
2-0: Ball
3-0: Base on Balls
Batting: LHB Ed Williams 0-0: Called Strike
0-1: Ball
1-1: Called Strike
1-2: Ball
2-2: Ball
3-2: Fly out, F8 (Flyball, 8RM)
Pitching: RHP Denis Hudson
Batting: RHB Bob Perkins 0-0: Ball
1-0: Swinging Strike
1-1: Grounds into double play, 5-4-3 (Groundball, 5)
Bottom of the 6th over - 0 runs, 0 hits, 0 errors, 0 left on base; Temiskaming District Secondary School 2 - Jeffersonville-Youngsville Central HS 3
TOP OF THE 7TH
Temiskaming District Secondary School Saints batting - Pitching for Jeffersonville-Youngsville Central HS Trojans : RHP Héctor Hernández
Batting: RHB Glenn Hansen 0-0: SOLO HOME RUN (Flyball, 7LD), Distance : 367 ft
Batting: RHB Dave Jones 0-0: SINGLE (Line Drive, 8LS)
Batting: LHB Tony Proctor 0-0: Bunted foul
0-1: Sac Bunt - play at first, batter OUT! 1-4
Dave Jones to second
Batting: RHB Hilton Knowles 0-0: Called Strike
0-1: Ball
1-1: Called Strike
1-2: Ball
2-2: Strikes out swinging
Batting: RHB Ramón Cabrera 0-0: Ball
1-0: Swinging Strike
1-1: Called Strike
1-2: Ball
2-2: Strikes out swinging
Top of the 7th over - 1 run, 2 hits, 0 errors, 1 left on base; Temiskaming District Secondary School 3 - Jeffersonville-Youngsville Central HS 3
BOTTOM OF THE 7TH
Jeffersonville-Youngsville Central HS Trojans batting - Pitching for Temiskaming District Secondary School Saints : RHP Denis Hudson
Batting: RHB Myron Preston 0-0: Foul Ball, location: 2F
0-1: Called Strike
0-2: Strikes out looking
Batting: RHB Jeff Valentine 0-0: Foul Ball, location: 2F
0-1: Ball
1-1: Foul Ball, location: 2F
1-2: SINGLE (Line Drive, 4M)
Batting: RHB John Goudie 0-0: Foul Ball, location: 2F
0-1: Called Strike
0-2: Ball
1-2: Ball
2-2: Foul Ball, location: 2F
2-2: SINGLE (Flyball, 7LM)
Jeff Valentine to second
Batting: LHB Tony Chávez 0-0: Ball
1-0: Foul Ball, location: 2F
1-1: Ball
2-1: Foul Ball, location: 2F
2-2: Strikes out swinging
Batting: RHB Murray Jackson 0-0: Fly out, F7 (Flyball, 78D)
Bottom of the 7th over - 0 runs, 2 hits, 0 errors, 2 left on base; Temiskaming District Secondary School 3 - Jeffersonville-Youngsville Central HS 3
TOP OF THE 8TH
Temiskaming District Secondary School Saints batting - Pitching for Jeffersonville-Youngsville Central HS Trojans : RHP Héctor Hernández
Batting: LHB Juan Esparza 0-0: Ball
1-0: Called Strike
1-1: Swinging Strike
1-2: Strikes out swinging
Batting: RHB Jim Prince 0-0: Ball
1-0: Ball
2-0: Foul Ball, location: 2F
2-1: Foul Ball, location: 2F
2-2: Strikes out swinging
Batting: RHB Scott Roberts 0-0: Called Strike
0-1: Ball
1-1: Called Strike
1-2: Ground out 1-3 (Groundball, 13S)
Top of the 8th over - 0 runs, 0 hits, 0 errors, 0 left on base; Temiskaming District Secondary School 3 - Jeffersonville-Youngsville Central HS 3
BOTTOM OF THE 8TH
Jeffersonville-Youngsville Central HS Trojans batting - Pitching for Temiskaming District Secondary School Saints : RHP Denis Hudson
Batting: LHB Steve Parker 0-0: Ball
1-0: Ball
2-0: Foul Ball, location: 2F
2-1: Swinging Strike
2-2: Strikes out swinging
Batting: RHB Glenn Brooks 0-0: Ball
1-0: Ball
2-0: Foul Ball, location: 2F
2-1: Ball
3-1: Base on Balls
Batting: LHB Ed Williams 0-0: 2-RUN HOME RUN (Line Drive, 89D), Distance : 424 ft
Pitching: RHP Tim Rice
Batting: RHB Bob Perkins 0-0: Called Strike
0-1: Called Strike
0-2: Ball
1-2: SINGLE (Line Drive, 4MD)
Batting: RHB Myron Preston 0-0: Ball
1-0: Called Strike
1-1: Foul Ball, location: 2F
1-2: Foul Ball, location: 2F
1-2: Ball
2-2: Strikes out looking
Batting: RHB Jeff Valentine 0-0: SINGLE (Groundball, 56D)
Bob Perkins to second
Batting: RHB John Goudie 0-0: Ground out 1-3 (Groundball, 15S)
Bottom of the 8th over - 2 runs, 3 hits, 0 errors, 2 left on base; Temiskaming District Secondary School 3 - Jeffersonville-Youngsville Central HS 5
TOP OF THE 9TH
Temiskaming District Secondary School Saints batting - Pitching for Jeffersonville-Youngsville Central HS Trojans : RHP Héctor Hernández
Pitching: RHP Jerry Billings
Batting: RHB Emílio Gómez 0-0: Called Strike
0-1: Called Strike
0-2: Ball
1-2: Foul Ball, location: 2F
1-2: Foul Ball, location: 2F
1-2: Ground out 3-1 (Groundball, 34)
Batting: RHB Glenn Hansen 0-0: Foul Ball, location: 2F
0-1: Foul Ball, location: 2F
0-2: Ground out U3 (Groundball, 34)
Batting: RHB Dave Jones 0-0: Ball
1-0: Swinging Strike
1-1: Swinging Strike
1-2: Strikes out looking
Top of the 9th over - 0 runs, 0 hits, 0 errors, 0 left on base; Temiskaming District Secondary School 3 - Jeffersonville-Youngsville Central HS 5
Saturday, April 7th, 2018 - OOTP Baseball 18.8 Build 76